 Dungeon Crawl Stone Soup version 0.31-a0-232-gb1c03b2570 (webtiles) character file.

Game seed: 14990683701239718639

2703 qw the Skirmisher (level 9, -1/79 HPs)
             Began as a Minotaur Hexslinger on July 7, 2023.
             Slain by Grum
             ... wielding a -1 spear of flaming
              (3 damage)
             ... on level 9 of the Dungeon.
             The game lasted 00:02:28 (5704 turns).

qw the Skirmisher (Minotaur Hexslinger)             Turns: 5704, Time: 00:02:28

Health: -1/79      AC:  6    Str: 12    XL:     9   Next: 38%
Magic:  9/9        EV: 17    Int: 10    God:
Gold:   244        SH:  5    Dex: 18    Spells: 9/10 levels left

rFire   . . .        d - +0 orcbow
rCold   . . .        (shield currently unavailable)
rNeg    . . .        c - +0 ring mail
rPois   .            (helmet restricted)
rElec   .            h - +0 cloak
rCorr   .            (no gloves)
SInv    .            (no boots)
Will    .....        f - amulet of reflection
Stlth   +            k - +5 ring of evasion
HPRegen 0.33/turn    (no ring)
MPRegen 0.11/turn

%: reflection
@: lethally poisoned (-1 -> -9)
A: horns 2, retaliatory headbutt
a: no special abilities


You were on level 9 of the Dungeon.
You visited 1 branch of the dungeon, and saw 8 of its levels.

You collected 322 gold pieces.
You spent 78 gold pieces at shops.


Innate Abilities, Weirdness & Mutations

You have a pair of horns on your head.
You reflexively headbutt those who attack you in melee.


   Skills:
 - Level 7.0 Fighting
 + Level 11.7 Ranged Weapons
 - Level 3.6 Armour
 - Level 4.0 Dodging
 - Level 1.0 Spellcasting
 - Level 2.0 Hexes


You had 9 spell levels left.
You knew the following spells:

 Your Spells              Type           Power      Damage    Failure   Level
a - Slow                  Hex            16%        N/A       32%         1

Your spell library contained the following spells:

 Spells                   Type           Power      Damage    Failure   Level
 Inner Flame              Hex/Fire       2%         N/A       82%         3
 Portal Projectile        Hex/Tloc       4%         N/A       82%         3
 Cause Fear               Hex            2%         N/A       97%         4

Inventory:

Hand Weapons
 d - a +0 orcbow (weapon)
Armour
 c - a +0 ring mail (worn)
 h - a +0 cloak (worn)
Jewellery
 f - an amulet of reflection (around neck)
 k - a +5 ring of evasion (left hand)
Scrolls
 a - a scroll of identify
Potions
 b - a potion of might
 g - a potion of enlightenment {unknown}
 i - a potion of curing

Dungeon Overview and Level Annotations

Branches:
Dungeon (7/15)
 Temple: D:4-7

Altars:
Ashenzari
Trog

Shops:
D:6 *

Annotations:
D:6 1 runed translucent door, Crazy Yiuf
D:9 Grum


Message History

You shoot an arrow. The arrow barely misses the orc priest.
The arrow hits the wolf!
The wolf is moderately wounded.
The orc priest closely misses you. You furiously retaliate!
You headbutt the orc priest. You shoot an arrow.
The arrow hits the orc priest but does no damage.
The orc priest is heavily wounded.
The orc priest hits you with a +1 dagger of venom.
You are poisoned.
You shoot an arrow. The arrow barely misses the orc priest.
The arrow barely misses the wolf.
You feel very sick. The orc priest barely misses you. You furiously retaliate!
You headbutt the orc priest, but do no damage.
You shoot an arrow. The arrow hits the orc priest.
The orc priest is almost dead.
You feel very sick. Grum closely misses you.
The orc priest calls down the wrath of Beogh upon you.
Beogh smites you!
You shoot an arrow. The arrow barely misses the orc priest.
The arrow misses the wolf.
You feel sick. Grum completely misses you.
The orc priest hits you with a +1 dagger of venom.
You are lethally poisoned!
You shoot an arrow. The arrow hits the orc priest!
You kill the orc priest!
You feel very sick.
Grum hits you from afar with a -1 spear of flaming.
Grum burns you. The wolf bites you but does no damage.
You shoot an arrow. The arrow barely misses the wolf.
You feel very sick. The wolf barely misses you. Grum barely misses you.
The wolf closely misses you.
You shoot an arrow. The arrow hits the wolf!
The wolf is almost dead.
You feel very sick. The wolf barely misses you.
Grum hits you from afar with a -1 spear of flaming.
You die...

#### .......#
..... ......###
g.... ........#
!..... ........#
......####.......#
......g%##.......#
#h##.......#
#@.'.......#
####.......#
#.......#
######+##


You could see Grum and a wolf.

Vanquished Creatures
  Grinder (D:3)
  Sigmund (D:6)
  Edmund (D:6)
  An ice beast (D:4)
  An orc warrior (D:6)
  4 black bears
  3 ogres
  2 wolves (D:9)
  2 centaurs (D:6)
  3 phantoms
  A kobold brigand (D:6)
  A gnoll sergeant (D:6)
  2 scorpions
  A howler monkey (D:5)
  3 jellies
  2 hounds
  3 orc priests
  4 iguanas
  An orc wizard (D:6)
  4 gnolls
  10 adders
  A shadow imp (D:6)
  A white imp (D:5)
  A worm (D:3)
  A dart slug (D:1)
  19 orcs
  10 ball pythons
  6 endoplasms
  4 giant cockroaches
  3 goblins
  2 hobgoblins
  6 jackals
  10 kobolds
  A quokka (D:3)
  7 bats
  A frilled lizard (D:2)
  3 rats
127 creatures vanquished.

Notes
Turn   | Place    | Note
-------+----------+-------------------------------------------
     0 | D:1      | qw the Minotaur Hexslinger began the quest for the Orb.
     0 | D:1      | Reached XP level 1. HP: 16/16 MP: 1/1
     0 | D:1      | 0 ||| qw: Version: 0.3-a-46-gb1f654a
     0 | D:1      | 0 ||| qw: Game counter: 2247
     0 | D:1      | 0 ||| qw: Melee chars always use a shield: true
     0 | D:1      | 0 ||| qw: God list: Okawaru
     0 | D:1      | 0 ||| qw: Allow faded altars: false
     0 | D:1      | 0 ||| qw: Do Orc after clearing Dungeon:15 true
     0 | D:1      | 0 ||| qw: Do second Lair branch before Depths: true
     0 | D:1      | 0 ||| qw: Lair rune preference: random
     0 | D:1      | 0 ||| qw: Goals: Normal
     0 | D:1      | 0 ||| PLANNING D:1-11
   127 | D:1      | Reached skill level 3 in Ranged Weapons
   132 | D:1      | Reached XP level 2. HP: 23/23 MP: 2/2
   459 | D:1      | 459 ||| UPGRADING to +0 leather armour.
   469 | D:1      | 469 ||| DROPPING +0 robe.
   470 | D:1      | 470 ||| DROPPING ring of magical power.
   471 | D:1      | 471 ||| READING 2 scrolls labelled UMEODWU HUZU.
   472 | D:1      | 472 ||| READING scroll labelled FITI GOTZATWAU.
   473 | D:1      | 473 ||| READING scroll labelled CYVABR IHEFO.
   474 | D:1      | 474 ||| READING scroll labelled JETIP ZUNWUGI.
   475 | D:1      | 475 ||| READING scroll labelled IFAYTELUUNT.
   476 | D:1      | 476 ||| DROPPING scroll of poison.
   575 | D:2      | Reached XP level 3. HP: 14/29 MP: 3/3
   578 | D:2      | HP: 7/29 [endoplasm (2)]
   579 | D:2      | HP: 2/29 [frozen (4)]
   817 | D:2      | Reached skill level 4 in Ranged Weapons
  1188 | D:2      | 1188 ||| UPGRADING to +0 cloak.
  1193 | D:2      | 1193 ||| READING scroll labelled UDUQ ONUVE.
  1194 | D:2      | 1194 ||| READING scroll labelled QOBYTU YV JOKI.
  1246 | D:2      | 1246 ||| DRINKING 3 purple potions.
  1391 | D:3      | Reached XP level 4. HP: 36/36 MP: 4/4
  1467 | D:3      | 1467 ||| Stepping ~*~*~tactically~*~*~ (outnumbered).
  1470 | D:3      | 1470 ||| Stepping ~*~*~tactically~*~*~ (outnumbered).
  1481 | D:3      | HP: 1/36 [orc priest/divine providence (10)]
  1482 | D:3      | 1482 ||| DRINKING 2 potions of heal wounds.
  1485 | D:3      | Reached skill level 5 in Ranged Weapons
  1682 | D:3      | Noticed a phantom
  1697 | D:3      | Noticed Grinder
  1698 | D:3      | Paralysed by Grinder for 3 turns
  1704 | D:3      | Killed a phantom
  1705 | D:3      | Reached skill level 3 in Fighting
  1705 | D:3      | Reached XP level 5. HP: 19/46 MP: 5/5
  1709 | D:3      | HP: 11/46 [quokka (2)]
  1710 | D:3      | 1710 ||| DRINKING potion of heal wounds.
  1714 | D:3      | Paralysed by Grinder for 5 turns
  1728 | D:3      | Paralysed by Grinder for 2 turns
  1729 | D:3      | HP: 7/46 [Grinder/nerve-wracking pain (14)]
  1734 | D:3      | HP: 1/46 [Grinder/nerve-wracking pain (8)]
  1735 | D:3      | Killed Grinder
  1736 | D:3      | Reached skill level 6 in Ranged Weapons
  1736 | D:3      | Reached XP level 6. HP: 1/52 MP: 6/6
  2030 | D:3      | Found a broken altar of Ashenzari.
  2308 | D:3      | 2308 ||| UPGRADING to +0 ring mail.
  2318 | D:3      | 2318 ||| DROPPING +0 leather armour.
  2319 | D:3      | 2319 ||| READING scroll labelled FUBBIEMUIS.
  2320 | D:3      | 2320 ||| READING scroll labelled CIUBYI ZEUDDU.
  2455 | D:4      | 2455 ||| FLEEEEING.
  2456 | D:4      | 2456 ||| FLEEEEING.
  2457 | D:4      | 2457 ||| FLEEEEING.
  2588 | D:4      | Reached skill level 7 in Ranged Weapons
  2588 | D:4      | Reached XP level 7. HP: 18/59 MP: 7/7
  2588 | D:4      | 2588 ||| FLEEEEING.
  2589 | D:4      | 2589 ||| FLEEEEING.
  2590 | D:4      | 2590 ||| FLEEEEING.
  2591 | D:4      | 2591 ||| FLEEEEING.
  2592 | D:4      | 2592 ||| FLEEEEING.
  2593 | D:4      | 2593 ||| FLEEEEING.
  2594 | D:4      | 2594 ||| FLEEEEING.
  2595 | D:4      | 2595 ||| FLEEEEING.
  2596 | D:4      | 2596 ||| STAIRDANCE
  2728 | D:3      | 2728 ||| READING 2 scrolls of identify.
  2728 | D:3      | 2728 ||| IDENTIFYING sedimented orange potion
  2729 | D:3      | 2729 ||| DROPPING potion of degeneration.
  2734 | D:4      | 2734 ||| STAIRDANCE
  2854 | D:4      | Found a bloodstained altar of Trog.
  2870 | D:4      | Reached skill level 8 in Ranged Weapons
  3374 | D:4      | 3374 ||| UPGRADING to amulet of reflection.
  3379 | D:4      | 3379 ||| UPGRADING to +5 ring of evasion.
  3380 | D:4      | 3380 ||| READING scroll labelled GOICAT QIUHA.
  3381 | D:4      | 3381 ||| READING 3 scrolls of identify.
  3381 | D:4      | 3381 ||| IDENTIFYING metallic inky potion
  3382 | D:4      | 3382 ||| READING 2 scrolls of identify.
  3382 | D:4      | 3382 ||| IDENTIFYING dark potion
  3383 | D:4      | 3383 ||| DROPPING potion of lignification.
  3384 | D:4      | 3384 ||| DROPPING potion of berserk rage.
  3399 | D:5      | Entered Level 5 of the Dungeon
  3406 | D:5      | 3406 ||| STAIRDANCE
  3470 | D:5      | Reached skill level 9 in Ranged Weapons
  3470 | D:5      | Reached XP level 8. HP: 64/68 MP: 8/8
  3568 | D:5      | 3568 ||| Stepping ~*~*~tactically~*~*~ (outnumbered).
  3679 | D:5      | Reached skill level 3 in Dodging
  3679 | D:5      | Identified the +5 long sword of Mayhem {pain, rPois Int+3}
  3963 | D:5      | Reached skill level 6 in Fighting
  4048 | D:5      | 4048 ||| READING scroll of enchant weapon.
  4048 | D:5      | 4048 ||| ENCHANTING +2 sling.
  4051 | D:5      | 4051 ||| READING scroll labelled GUB TIENWUCWE.
  4100 | D:6      | Found a runed translucent door.
  4101 | D:6      | Noticed Crazy Yiuf
  4112 | D:6      | Found Econk's General Store.
  4120 | D:6      | 4120 ||| BUYING potion of might (52 gold).
  4120 | D:6      | Bought a potion of might for 52 gold pieces
  4120 | D:6      | 4120 ||| BUYING scroll of identify (26 gold).
  4120 | D:6      | Bought a scroll of identify for 26 gold pieces
  4234 | D:6      | 4234 ||| SWAPPING to +0 orcbow.
  4417 | D:6      | 4417 ||| DROPPING +3 sling.
  4482 | D:6      | Reached skill level 10 in Ranged Weapons
  4627 | D:6      | HP: 12/73 [gnoll/+0 halberd[a gnoll sergeant] (8)]
  4628 | D:6      | 4628 ||| DRINKING potion of heal wounds.
  4632 | D:6      | HP: 15/73 [gnoll/+0 halberd[a gnoll sergeant] (11)]
  4634 | D:6      | 4634 ||| FLEEEEING.
  4635 | D:6      | 4635 ||| FLEEEEING.
  4636 | D:6      | 4636 ||| FLEEEEING.
  4637 | D:6      | 4637 ||| FLEEEEING.
  4638 | D:6      | 4638 ||| FLEEEEING.
  4639 | D:6      | 4639 ||| FLEEEEING.
  4640 | D:6      | 4640 ||| FLEEEEING.
  4641 | D:6      | 4641 ||| FLEEEEING.
  4642 | D:6      | 4642 ||| FLEEEEING.
  4643 | D:6      | 4643 ||| FLEEEEING.
  4644 | D:6      | 4644 ||| FLEEEEING.
  4645 | D:6      | 4645 ||| FLEEEEING.
  4646 | D:6      | 4646 ||| FLEEEEING.
  4647 | D:6      | 4647 ||| FLEEEEING.
  4648 | D:6      | 4648 ||| FLEEEEING.
  4649 | D:6      | 4649 ||| FLEEEEING.
  4650 | D:6      | 4650 ||| FLEEEEING.
  4651 | D:6      | 4651 ||| FLEEEEING.
  4652 | D:6      | 4652 ||| FLEEEEING.
  4653 | D:6      | 4653 ||| FLEEEEING.
  4654 | D:6      | 4654 ||| FLEEEEING.
  4655 | D:6      | 4655 ||| FLEEEEING.
  4658 | D:6      | 4658 ||| FLEEEEING.
  4659 | D:6      | 4659 ||| FLEEEEING.
  4660 | D:6      | 4660 ||| FLEEEEING.
  4661 | D:6      | 4661 ||| FLEEEEING.
  4663 | D:6      | 4663 ||| FLEEEEING.
  4664 | D:6      | 4664 ||| FLEEEEING.
  4665 | D:6      | 4665 ||| FLEEEEING.
  4666 | D:6      | 4666 ||| FLEEEEING.
  4667 | D:6      | 4667 ||| FLEEEEING.
  4668 | D:6      | 4668 ||| FLEEEEING.
  4670 | D:6      | 4670 ||| FLEEEEING.
  4671 | D:6      | 4671 ||| FLEEEEING.
  4672 | D:6      | 4672 ||| FLEEEEING.
  4673 | D:6      | 4673 ||| FLEEEEING.
  4674 | D:6      | 4674 ||| FLEEEEING.
  4905 | D:6      | Noticed Sigmund
  4911 | D:6      | Killed Sigmund
  4986 | D:6      | Noticed Edmund
  4995 | D:6      | HP: 15/73 [Edmund/+3 heavy flail (19)]
  5000 | D:6      | Killed Edmund
  5001 | D:6      | Reached XP level 9. HP: 14/79 MP: 9/9
  5366 | D:6      | Reached skill level 11 in Ranged Weapons
  5390 | D:6      | Reached skill level 3 in Armour
  5390 | D:6      | 5390 ||| FLEEEEING.
  5391 | D:6      | 5391 ||| FLEEEEING.
  5392 | D:6      | 5392 ||| FLEEEEING.
  5393 | D:6      | 5393 ||| FLEEEEING.
  5394 | D:6      | 5394 ||| FLEEEEING.
  5395 | D:6      | 5395 ||| FLEEEEING.
  5396 | D:6      | 5396 ||| FLEEEEING.
  5397 | D:6      | 5397 ||| FLEEEEING.
  5398 | D:6      | 5398 ||| FLEEEEING.
  5399 | D:6      | 5399 ||| FLEEEEING.
  5400 | D:6      | 5400 ||| FLEEEEING.
  5401 | D:6      | 5401 ||| FLEEEEING.
  5402 | D:6      | 5402 ||| FLEEEEING.
  5403 | D:6      | 5403 ||| FLEEEEING.
  5404 | D:6      | 5404 ||| FLEEEEING.
  5405 | D:6      | 5405 ||| FLEEEEING.
  5406 | D:6      | 5406 ||| FLEEEEING.
  5407 | D:6      | 5407 ||| FLEEEEING.
  5408 | D:6      | 5408 ||| STAIRDANCE
  5433 | D:5      | 5433 ||| DRINKING 2 puce potions.
  5434 | D:5      | 5434 ||| DRINKING 2 grey potions.
  5435 | D:5      | 5435 ||| READING 2 scrolls of identify.
  5435 | D:5      | 5435 ||| IDENTIFYING fuming clear potion
  5436 | D:5      | 5436 ||| DROPPING potion of ambrosia.
  5437 | D:5      | 5437 ||| DROPPING potion of attraction.
  5672 | D:7      | You fall into a shaft and drop 2 floors!
  5688 | D:9      | Noticed Grum
  5689 | D:9      | 5689 ||| Stepping ~*~*~tactically~*~*~ (outnumbered).
  5701 | D:9      | HP: 16/79 [orc priest/+1 dagger of venom (4)]
  5702 | D:9      | HP: 7/79 [Grum/-1 spear of flaming (2)]
  5704 | D:9      | HP: 2/79 [poisoned by an orc priest]
  5704 | D:9      | Slain by Grum

Levels and vault maps discovered:
D:1:      minmay_arrival_jagged, layout_rooms
D:2:      minmay_diamond_boxcup, layout_basic
D:3:      minmay_evil_eye, layout_loops_ring, ashenzari_altar_1, uniq_grinder
D:4:      layout_rooms, trog_ov_bears_minmay
D:5:      layout_loops_ring, minivault_24
D:6:      layout_gridville, serial_shops, shop, sigmund_edmund_badplayer,
          uniq_crazy_yiuf_cottage
D:7:      layout_cave_pods, minmay_temple_entry_purple_smoke, enter_bailey_5,
          uniq_prince_ribbit1
D:9:      layout_roguey, kennysheep_little_box, david_orc_3, minivault_15,
          chequers_serial_rivers_micro_e, nicolae_figureground_sparkle,
          uniq_grum

Skill      XL: |  1  2  3  4  5  6  7  8  9 |
---------------+----------------------------+-----
Ranged Weapons | 3 4 5 6 7 9 10 11 | 11.7
Fighting       | 2 3 4 5 7 |  7.0
Armour         | 2 3 |  3.6
Dodging        | 3 4 |  4.0
Spellcasting   | |  1.0
Hexes          | |  2.0

Action                     |  1- 3 |  4- 6 |  7- 9 || total
---------------------------+-------+-------+-------++-------
   Fire: Sling             |   109 |   128 |   147 ||   384
         Orcbow            |       |       |   170 ||   170
    Use: Scroll            |     7 |     2 |     7 ||    16
         Potion            |     1 |     2 |     3 ||     6
 Armour: Leather armour    |    19 |     8 |       ||    27
         Robe              |     3 |       |       ||     3
         Ring mail         |       |    12 |    38 ||    50
  Dodge: Dodged            |    41 |    32 |   152 ||   225
  Block: Other             |       |       |    34 ||    34
         Reflection        |       |       |     4 ||     4

Table legend:
 A = Non-vault XP
 B = Vault XP
 C = Vault XP percentage of total XP
 D = Non-vault monster count
 E = Vault monster count
 F = Vault count percentage of total count
                 A         B        C        D         E       F
            +---------+---------+-------+---------+---------+-------
      Total |    2649 |    1213 |  31.4 |     109 |      18 |  14.2
            +---------+---------+-------+---------+---------+-------
        D:1 |      29 |       0 |   0.0 |      15 |       0 |   0.0
        D:2 |      30 |      23 |  43.4 |      12 |       8 |  40.0
        D:3 |     209 |     391 |  65.2 |      18 |       4 |  18.2
        D:4 |     611 |     131 |  17.7 |      13 |       1 |   7.1
        D:5 |     382 |       0 |   0.0 |      10 |       0 |   0.0
        D:6 |    1388 |     395 |  22.2 |      41 |       2 |   4.7
        D:9 |       0 |     273 | 100.0 |       0 |       3 | 100.0
            +---------+---------+-------+---------+---------+-------
